 Dungeon Crawl Stone Soup version 0.32-a0-391-gce5c0aab1b (webtiles) character file.

Game seed: 11260042373137776231

32496 ytrimaz the Severer (level 13, -3/91 HPs)
             Began as a Coglin Gladiator on Feb 19, 2024.
             Was a High Priest of Okawaru.
             Slain by a hellephant (17 damage)
             ... on level 3 of the Abyss.
             The game lasted 00:22:15 (10788 turns).

ytrimaz the Severer (Coglin Gladiator)             Turns: 10788, Time: 00:22:15

Health: -3/91      AC: 26    Str: 19    XL:     13   Next: 64%
Magic:  17/18      EV: 12    Int:  8    God:    Okawaru [*****.]
Gold:   809        SH:  0    Dex: 16    Spells: 12/12 levels left

rFire   + . .        F - +4 war axe (elec) {Suni}
rCold   + + .        h - +4 broad axe (flame) {Dalbir}
rNeg    . . .        r - +2 chain mail {rC+}
rPois   +            s - +1 helmet of Fearur {Rampage Regen+}
rElec   +            w - +0 cloak
rCorr   +            S - +2 pair of gloves of Caes {-Cast +Blink rElec Stlth+}
SInv    .            Q - +0 pair of boots
Will    .....        f - amulet of the acrobat
Stlth   +            m - ring of resist corrosion
HPRegen 1.15/turn    R - ring of poison resistance
MPRegen 0.16/turn

%: no spellcasting, acrobat, rampage
@: resistant, heroic, revving, stiff-legged, very slow
A: off-hand wielding, slow wielding, warmup strikes, warmup strides
a: Renounce Religion, Evoke Blink, Heroism, Finesse, Duel


You were on level 3 of the Abyss.
You worshipped Okawaru.
Okawaru was extremely pleased with you.
You visited 2 branches of the dungeon, and saw 16 of its levels.
You visited the Abyss 1 time.
You also visited: Bailey.

You collected 1187 gold pieces.
You spent 378 gold pieces at shops.


Innate Abilities, Weirdness & Mutations

You can wield a second weapon in your off-hand.
It takes a long time for you to wield or remove held weapons.
Your first few attacks do less damage.
Your first movements take longer.


   Skills:
 - Level 5.0(10.0) Fighting
 + Level 15.0(20.0) Axes
 - Level 1.7(6.7) Throwing
 + Level 12.9(17.9) Armour
 - Level 2.6(7.6) Dodging
 - Level 7.0 Invocations
 + Level 6.7 Evocations


You had 12 spell levels left.
You didn't know any spells.
Your spell library contained the following spells:

 Spells                   Type           Power      Damage    Failure   Level
 Magic Dart               Conj           0%         1d3       86%         1
 Slow                     Hex            0%         N/A       86%         1
 Searing Ray              Conj           0%         2d4       95%         2
 Static Discharge         Conj/Air       0%         3-3/arc   95%         2
 Sublimation of Blood     Necr           0%         N/A       95%         2
 Confusing Touch          Hex            0%         N/A       99%         3
 Frozen Ramparts          Ice            0%         1d1       99%         3
 Sigil of Binding         Hex            0%         N/A       99%         3
 Vampiric Draining        Necr           0%         2d6       99%         3
 Airstrike                Air            0%         2d(0-16)  100%        4
 Fulminant Prism          Conj/Alch      0%         3d5       100%        4
 Leda's Liquefaction      Alch/Erth      0%         N/A       100%        4
 Petrify                  Alch/Erth      0%         N/A       100%        4
 Irradiate                Conj/Alch      0%         3d11      100%        5
 Metabolic Englaciation   Hex/Ice        0%         N/A       100%        5
 Summon Lightning Spire   Summ/Air       Unusable   N/A       N/A         4

Inventory:

Hand Weapons
 h - a +4 broad axe of flaming (worn) {Dalbir}
   (You took it off Urug on level 11 of the Dungeon)
 y - a +0 flail of holy wrath {Thulani}
   (You took it off a gnoll on level 6 of the Dungeon)
 C - a +0 broad axe
   (You bought it in a shop on level 5 of the Dungeon)
 D - a +4 war axe {Santiago}
   (You took it off a wight on level 6 of the Dungeon)
 F - a +4 war axe of electrocution (weapon) {Suni}
   (You acquired it on level 8 of the Dungeon)
 G - the +3 war axe of Ito Juho {venom, rElec rPois rF- rN+}
   (Okawaru gifted it to you on level 13 of the Dungeon)

   rF-:       It makes you vulnerable to fire.
   rElec:     It insulates you from electricity.
   rPois:     It protects you from poison rN+: It protects you from negative
   energy.
Missiles
 d - 7 throwing nets
 e - 8 javelins
 v - a silver javelin
Armour
 r - a +2 chain mail of cold resistance (worn)
   (You found it on level 14 of the Dungeon)
 s - the +1 helmet of Fearur (worn) {Rampage Regen+}
   (You took it off Robin on level 3 of the Dungeon)

   Regen+:    It increases your rate of health regeneration.
   Rampage:   It bestows one free step when moving towards enemies.
 w - a +0 cloak (worn)
   (You found it on level 4 of the Dungeon)
 M - a +0 plate armour
   (You found it on level 10 of the Dungeon)
 Q - a +0 pair of boots (worn)
   (You found it on level 13 of the Dungeon)
 S - the +2 pair of gloves of Caes (worn) {-Cast +Blink rElec Stlth+}
   (Okawaru gifted it to you on level 13 of the Dungeon)

   rElec:     It insulates you from electricity.
   +Blink:    It lets you blink.
   -Cast:     It prevents spellcasting.
   Stlth+:    It makes you more stealthy.
Jewellery
 f - an amulet of the acrobat (around neck)
   (You found it on level 2 of the Dungeon)
 i - a ring of fire
   (You found it on level 1 of the Dungeon)
 m - a ring of resist corrosion (left grasper)
   (You found it on level 2 of the Dungeon)
 z - a ring of see invisible
   (You found it on level 7 of the Dungeon)
 B - a ring of fire
   (You found it on level 5 of the Dungeon)
 O - a ring of fire
   (You found it on level 12 of the Dungeon)
 R - a ring of poison resistance (right grasper)
   (You found it on level 13 of the Dungeon)
 T - an amulet of magic regeneration
   (You found it on level 14 of the Dungeon)
Wands
 k - a wand of roots (1)
   (You found it on level 4 of the Dungeon)
 A - a wand of quicksilver (4) (quivered)
   (You took it off Pikel on level 5 of the Dungeon)
 E - a wand of flame (22)
   (You found it on level 7 of the Dungeon)
 I - a wand of paralysis (12)
   (You found it on level 9 of the Dungeon)
 J - a wand of mindburst (3)
   (You found it on level 9 of the Dungeon)
 L - a wand of polymorph (3)
   (You found it on level 10 of the Dungeon)
Scrolls
 a - 3 scrolls of amnesia
 g - 7 scrolls of noise
 n - 5 scrolls of identify
 o - 9 scrolls of teleportation
 t - 5 scrolls of enchant armour
 u - a scroll of enchant weapon
 x - a scroll of blinking
 H - 3 scrolls of vulnerability
 K - a scroll of fog
Potions
 b - 3 potions of enlightenment
 c - a potion of attraction
 j - 3 potions of ambrosia
 l - 4 potions of heal wounds
 p - 3 potions of curing
 q - 2 potions of lignification
 N - a potion of mutation
 P - a potion of magic
 U - 2 potions of brilliance {unknown}

Dungeon Overview and Level Annotations

Branches:
Dungeon (15/15) Zot: 26735  Temple (1/1) D:4 Zot: 5934    Lair (0/5) D:10
 Vaults (0/5) D:14         Bailey (visited)
    Orc: D:9-12      Depths: D:15

Altars:
Ashenzari
Cheibriados
Dithmenos
Elyvilon
Fedhas
Gozag
Hepliaklqana
Kikubaaqudgha
Makhleb
Nemelex Xobeh
Okawaru
Qazlal
Ru
Sif Muna
Trog
Uskayaw
Vehumet
Wu Jian
Xom
Yredelemnul
Zin
The Shining One
Beogh

Shops:
D:1 (   D:2 =*   D:5 (   D:14 !

Annotations:
D:3 1 runed translucent door, Crazy Yiuf
D:5 3 runed translucent doors, DeathSocks's ghost, novice VSDe
D:13 2 transporters

. .#. # #. ..# ..
.# .#. #.. ... . ..
.###..### . .. ..
........# #....#.
.#.........###.#.#.
. .....#.# ##..#.#
#. #....##..#.#.
..## #..@.####.#
.## . ##.#..#.Y.##
##.... # ..#
.....#.### ...#.# #
.. ##........Y#.
..# # .........#
..##.. +###.#......
. .. #
...##...###...##.#
....
..#.##.##...... #.
.....#...#. .##.#.


You could see a hellephant.


Message History

You hit the boulder beetle but do no damage.
Lightning courses through the boulder beetle!!
You kill the boulder beetle!
Okawaru accepts your kill. 😮 HP[+1] 😮 HP[+2]
You regained 2 hp, and now have 56/91 hp.
You now have 809 gold pieces (gained 15).
Key pressed, stopping explore.
Key pressed, stopping explore.
Unknown command. 😎 HP[+35]
Your hp is fully restored (91).
A tengu conjurer comes into view.
A tengu conjurer is nearby!
You rampage towards the tengu conjurer!
An occultist comes into view. It is wielding a +0 dagger.
The occultist shouts!
The tengu conjurer hits you but does no damage.
The tengu conjurer pecks you but does no damage.
The tengu conjurer claws you but does no damage.
You slash the tengu conjurer with your +4 broad axe of flaming!
You burn the tengu conjurer.
You closely miss the tengu conjurer with your +4 war axe of electrocution.
The tengu conjurer closely misses you.
The tengu conjurer pecks you but does no damage.
The tengu conjurer claws you but does no damage.
You slash the tengu conjurer with your +4 war axe of electrocution!
You completely miss the tengu conjurer with your +4 broad axe of flaming.
The tengu conjurer closely misses you.
The tengu conjurer pecks you but does no damage.
The tengu conjurer claws you but does no damage.
Unknown command.
You miss the tengu conjurer with your +4 war axe of electrocution.
You closely miss the tengu conjurer with your +4 broad axe of flaming.
You hit the tengu conjurer with your +4 broad axe of flaming.
You burn the tengu conjurer.
You kill the tengu conjurer!
Okawaru accepts your kill.
Your Axes skill increases to level 15!
The occultist closely misses you.
The occultist hits you but does no damage.
Unknown command.
You hit the occultist with your +4 broad axe of flaming.
You burn the occultist.
You closely miss the occultist with your +4 war axe of electrocution.
The occultist closely misses you.
Unknown command.
You hit the occultist with your +4 war axe of electrocution.
You slice the occultist with your +4 broad axe of flaming!!
You burn the occultist! The occultist casts a spell at you.
You are cast into the Abyss!
This branch contains the abyssal rune of Zot.
The abyssal matter surrounding you shimmers strangely.
You detect the abyssal rune!
Found a gateway leading deeper into the Abyss.
A hellephant comes into view.
The hellephant trumpets!
You gain the combat prowess of a mighty hero. 😎 MP[-2]
You lost 2 mp, and now have 16/18 mp.
Unknown command.
You hit the hellephant but do no damage.
You hit the hellephant with your +4 broad axe of flaming.
You burn the hellephant.
You hit the hellephant with your +4 war axe of electrocution.
You barely miss the hellephant with your +4 broad axe of flaming.
The hellephant tramples you!!
You stumble backwards! 😮 HP[-24]
You take 24 damage, and now have 67/91 hp.
MASSIVE DAMAGE!! (PAUSE)
You hit the hellephant with your +4 war axe of electrocution.
You slash the hellephant with your +4 broad axe of flaming!
You burn the hellephant. The hellephant tramples you!!
* * * LOW HITPOINT WARNING * * *
You hold your ground!
The hellephant bites you.
* * * LOW HITPOINT WARNING * * *
The hellephant gores you but does no damage. 😨 HP[-29]
You take 29 damage, and now have 38/91 hp.
MASSIVE DAMAGE!! (PAUSE)
You closely miss the hellephant with your +4 war axe of electrocution.
You barely miss the hellephant with your +4 broad axe of flaming. 😨 HP[+1]
You slash the hellephant with your +4 war axe of electrocution!
You hit the hellephant with your +4 broad axe of flaming.
You burn the hellephant. The hellephant tramples you!!
* * * LOW HITPOINT WARNING * * *
You hold your ground!
The hellephant bites you.
* * * LOW HITPOINT WARNING * * *
The hellephant closely misses you. 😱 HP[-27]
You take 27 damage, and now have 12/91 hp.
MASSIVE DAMAGE!! (PAUSE) Unknown command.
You feel protected. The hellephant tramples you!
You die...

Skill      XL: |  1  2  3  4  5  6  7  8  9 10 11 12 13 |
---------------+----------------------------------------+-----
Armour         | 1 2 3 4 5 7 8 10 12 | 12.9
Fighting       | 3 4 5 |  5.0
Axes           | 4 6 9 10 12 14 15 | 15.0
Invocations    | 3 6 7 |  7.0
Evocations     | 1 6 |  6.7
Throwing       | |  1.7
Dodging        | |  2.6

Action                     |  1- 3 |  4- 6 |  7- 9 | 10-12 | 13-15 || total
---------------------------+-------+-------+-------+-------+-------++-------
  Melee: War axe           |    39 |   113 |    32 |   392 |    80 ||   656
         Hand axe          |    38 |   103 |     9 |       |       ||   150
         Flail             |       |       |   334 |   182 |       ||   516
         Broad axe         |       |       |       |    79 |    83 ||   162
  Throw: Throwing net      |       |       |       |     2 |       ||     2
 Invoke: Heroism           |       |       |       |    10 |     3 ||    13
         Receive Weapon    |       |       |       |     1 |       ||     1
         Receive Armour    |       |       |       |     1 |       ||     1
  Evoke: Wand              |       |       |       |    14 |     2 ||    16
    Use: Scroll            |       |     5 |     9 |    10 |     2 ||    26
         Potion            |       |     3 |     2 |     3 |     1 ||     9
   Stab: Held in net/web   |       |       |       |     1 |       ||     1
         Invisible         |       |       |       |     2 |       ||     2
 Armour: Leather armour    |     1 |       |       |       |       ||     1
         Chain mail        |    36 |   121 |   185 |   280 |    85 ||   707
         Plate armour      |       |       |       |   174 |    25 ||   199
  Dodge: Dodged            |    17 |    98 |   110 |   343 |    48 ||   616

Levels and vault maps discovered:
D:1:      dpeg_arrival_water_fire, layout_rooms,
          shapermc_ecumenical_altar_totnotflames, serial_shops, shop
D:2:      layout_basic, basic_altar, serial_shops, shop,
          nicolae_shop_rolling_square, kennysheep_jessica_study
D:3:      layout_rooms, uniq_crazy_yiuf_cottage, uniq_robin
D:4:      layout_rooms, grunt_temple_overflow_diamond, temple_green,
          dk_noncrumbling_4, grunt_decor_one_mirror, uniq_natasha
D:5:      layout_loops_ring, gammafunk_ghost_nasty_kobolds, serial_shops,
          nicolae_shop_back_alley_shop, chequers_jeans, uniq_edmund,
          uniq_sigmund, uniq_blork_the_orc, uniq_pikel
D:6:      layout_layer_cave, gup_sewer_entry_spiral
D:7:      dreamdust_elfheim, layout_cave_pools
D:8:      layout_basic, chei_slow_surprise, enter_bailey_3,
          hangedman_decor_push, david_defended_altar_orc
D:9:      layout_loops_ring, special_room [special_room_orc],
          statue_in_the_mist_lemuel
D:10:     layout_big_octagon, david_lair_shrubbed
D:11:     layout_loops_ring, minmay_orc_entry_temple_small, uniq_urug
D:12:     layout_gridville
D:13:     gammafunk_beogh_shrine, layout_small_grid, nicolae_ru_path_of_blood,
          uniq_nessos
D:14:     layout_stronghold, grunt_vaults_entry_tiered, nrook_mini_backslash,
          serial_shops, shop
D:15:     hangedman_depths_entry_civil_slaughter, layout_loops_corners,
          serial_bayou_pond_b, drop_trap
Temple:   compressed_dpeg_circular_temple
Abyss:3:  base: D:15, evilmike_abyss_rune_siren_acolytes

Notes
Turn   | Place    | Note
-------+----------+-------------------------------------------
     0 | D:1      | ytrimaz the Coglin Gladiator began the quest for the Orb.
     0 | D:1      | Reached XP level 1. HP: 16/16 MP: 1/1
     0 | D:1      | magus.rc [v1.9.6]
   207 | D:1      | Found a faded altar of an unknown god.
   221 | D:1      | Reached XP level 2. HP: 23/23 MP: 2/2
   224 | D:1      | Reached skill level 1 in Armour
   317 | D:1      | Reached XP level 3. HP: 28/28 MP: 3/3
   489 | D:1      | Found Vamecame's Antique Weapon Shoppe.
   581 | D:1      | Reached skill level 3 in Fighting
   611 | D:1      | You pick up a book of Sloth and begin reading...
   611 | D:1      | You add the spells Frozen Ramparts, Leda's Liquefaction,
                  | Petrify and Metabolic Englaciation to your library.
   710 | D:2      | Reached skill level 2 in Armour
   710 | D:2      | Reached XP level 4. HP: 34/35 MP: 4/4
   970 | D:2      | You pick up a book of Conjurations and begin reading...
   970 | D:2      | You add the spells Magic Dart, Searing Ray and Fulminant
                  | Prism to your library.
  1176 | D:2      | Found a basalt altar of Yredelemnul.
  1490 | D:2      | Noticed Jessica
  1495 | D:2      | Killed Jessica
  1496 | D:2      | Reached XP level 5. HP: 38/42 MP: 5/5
  1544 | D:2      | Found Naurep's Assorted Antiques.
  1554 | D:2      | Bought a scroll of identify for 52 gold pieces
  1611 | D:2      | Found Gaceh's Jewellery Shop.
  1881 | D:3      | Identified the +1 helmet of Fearur {Rampage Regen+}
  1881 | D:3      | Noticed Robin
  1885 | D:3      | Reached skill level 4 in Fighting
  1885 | D:3      | Reached skill level 3 in Armour
  1896 | D:3      | HP: 8/42 [Robin/+11 club (13)]
  1897 | D:3      | Killed Robin
  2340 | D:3      | Found a runed translucent door.
  2341 | D:3      | Noticed Crazy Yiuf
  2413 | D:4      | Reached XP level 6. HP: 49/49 MP: 6/6
  2456 | D:4      | You pick up a book of Transmutation and begin reading...
  2456 | D:4      | You add the spells Sublimation of Blood and Irradiate to
                  | your library.
  2496 | D:4      | Noticed Natasha
  2502 | D:4      | Killed Natasha
  2574 | D:4      | Noticed Natasha
  2584 | D:4      | Killed Natasha
  2585 | D:4      | Reached skill level 5 in Fighting
  2585 | D:4      | Reached skill level 4 in Armour
  2593 | D:4      | Found a staircase to the Ecumenical Temple.
  2602 | Temple   | Entered the Ecumenical Temple
  2635 | Temple   | Became a worshipper of Warmaster Okawaru
  2780 | D:4      | Found a shadowy altar of Dithmenos.
  2783 | D:4      | Found a white marble altar of Elyvilon.
  2788 | D:4      | Found a glowing silver altar of Zin.
  2804 | D:4      | Reached XP level 7. HP: 50/56 MP: 7/7
  3040 | D:4      | Noticed Natasha
  3046 | D:4      | Killed Natasha
  3088 | D:5      | Entered Level 5 of the Dungeon
  3132 | D:5      | Reached skill level 4 in Axes
  3134 | D:5      | Noticed Blork the orc
  3137 | D:5      | Killed Blork the orc
  3138 | D:5      | Reached skill level 5 in Armour
  3175 | D:5      | You pick up a book of Storms and begin reading...
  3175 | D:5      | You add the spells Static Discharge and Airstrike to your
                  | library.
  3216 | D:5      | Noticed Edmund
  3226 | D:5      | Killed Edmund
  3226 | D:5      | Reached * piety under Okawaru
  3227 | D:5      | Reached XP level 8. HP: 55/62 MP: 8/8
  3238 | D:5      | Reached skill level 5 in Axes
  3255 | D:5      | Noticed Sigmund
  3263 | D:5      | Killed Sigmund
  3264 | D:5      | Reached skill level 6 in Armour
  3439 | D:5      | Found a runed translucent gate.
  3439 | D:5      | Found a runed translucent gate.
  3444 | D:5      | Found a runed translucent gate.
  3444 | D:5      | Noticed DeathSocks's ghost (novice VSDe)
  3458 | D:5      | Noticed Pikel
  3471 | D:5      | Killed Pikel
  3471 | D:5      | Reached ** piety under Okawaru
  3472 | D:5      | Reached skill level 6 in Axes
  3579 | D:5      | Reached skill level 7 in Armour
  3937 | D:5      | Found Ydeuny's Weapon Boutique.
  3941 | D:5      | Bought a +0 broad axe for 56 gold pieces
  3971 | D:6      | Reached XP level 9. HP: 68/68 MP: 9/9
  3996 | D:6      | Reached skill level 7 in Axes
  4017 | D:6      | You pick up a book of Debilitation and begin reading...
  4017 | D:6      | You add the spells Slow, Sigil of Binding, Vampiric
                  | Draining and Confusing Touch to your library.
  4336 | D:6      | Reached skill level 8 in Axes
  4336 | D:6      | Reached skill level 8 in Armour
  4539 | D:6      | Reached *** piety under Okawaru
  5328 | D:7      | Noticed Duvessa
  5328 | D:7      | Noticed Dowan
  5334 | D:7      | Killed Duvessa
  5335 | D:7      | Reached skill level 9 in Axes
  5340 | D:7      | Killed Dowan
  5526 | D:7      | Reached XP level 10. HP: 74/74 MP: 10/10
  5580 | D:7      | Reached skill level 9 in Armour
  5728 | D:7      | Paralysed by a hornet for 2 turns
  6057 | D:8      | Found a flagged portal.
  6095 | Bailey   | Entered a bailey
  6195 | Bailey   | Reached skill level 1 in Invocations
  6236 | D:8      | Acquired a +4 war axe of electrocution
  6300 | D:8      | Reached **** piety under Okawaru
  6315 | D:8      | Reached skill level 10 in Axes
  6398 | D:8      | Found a bloodstained altar of Trog.
  6563 | D:8      | Reached skill level 2 in Invocations
  6676 | D:8      | Found a snail-covered altar of Cheibriados.
  6790 | D:9      | Reached skill level 10 in Armour
  6793 | D:9      | Reached skill level 3 in Invocations
  6793 | D:9      | Reached ***** piety under Okawaru
  6877 | D:9      | Reached XP level 11. HP: 76/79 MP: 13/13
  6884 | D:9      | Reached skill level 4 in Invocations
  6934 | D:9      | Reached skill level 11 in Axes
  7462 | D:10     | Entered Level 10 of the Dungeon
  7469 | D:10     | Reached skill level 5 in Invocations
  7655 | D:10     | Received a gift from Okawaru
  7772 | D:10     | Noticed a two-headed ogre
  7781 | D:10     | Killed a two-headed ogre
  7782 | D:10     | Reached skill level 12 in Axes
  7782 | D:10     | Reached skill level 6 in Invocations
  7803 | D:10     | Found a staircase to the Lair.
  7969 | D:11     | Noticed a two-headed ogre
  7977 | D:11     | Killed a two-headed ogre
  8069 | D:11     | Noticed a two-headed ogre
  8081 | D:11     | Killed a two-headed ogre
  8151 | D:11     | Noticed a centaur warrior
  8170 | D:11     | Killed a centaur warrior
  8171 | D:11     | Reached XP level 12. HP: 73/86 MP: 15/17
  8348 | D:11     | Noticed Urug
  8366 | D:11     | Killed Urug
  8366 | D:11     | Received a gift from Okawaru
  8414 | D:11     | You fall into a shaft and drop 1 floor!
  8423 | D:12     | Reached skill level 7 in Invocations
  8616 | D:12     | Reached skill level 13 in Axes
  8740 | D:12     | Reached skill level 11 in Armour
  9027 | D:13     | Found a sacrificial altar of Ru.
  9085 | D:13     | Noticed a two-headed ogre
  9089 | D:13     | Killed a two-headed ogre
  9089 | D:13     | Reached ****** piety under Okawaru
  9129 | D:13     | Noticed a two-headed ogre
  9130 | D:13     | Noticed an ettin
  9131 | D:13     | Found a roughly hewn altar of Beogh.
  9131 | D:13     | Found a transporter.
  9131 | D:13     | Noticed a two-headed ogre
  9165 | D:13     | Received a gift from Okawaru
  9312 | D:13     | Noticed Nessos
  9320 | D:13     | Killed Nessos
  9351 | D:13     | Found a transporter.
  9355 | D:13     | Noticed a catoblepas
  9355 | D:13     | Noticed an orc high priest
  9360 | D:13     | Killed a catoblepas
  9464 | D:13     | Acquired the +3 war axe of Ito Juho {venom, rElec rPois rF-
                  | rN+}
  9464 | D:13     | Received a gift from Okawaru
  9465 | D:13     | Acquired the +2 pair of gloves of Caes {-Cast +Blink rElec
                  | Stlth+}
  9465 | D:13     | Received a gift from Okawaru
  9518 | D:14     | Noticed a centaur warrior
  9528 | D:14     | Killed a centaur warrior
  9539 | D:14     | Noticed a six-headed hydra
  9551 | D:14     | HP: 18/86 [seven-headed hydra (4)]
  9551 | D:14     | HP: 8/86 [seven-headed hydra (10)]
  9552 | D:14     | HP: 3/86 [seven-headed hydra (6)]
  9553 | D:14     | Killed a seven-headed hydra
  9554 | D:14     | Reached skill level 14 in Axes
  9660 | D:14     | Reached skill level 12 in Armour
  9685 | D:14     | Reached skill level 1 in Evocations
  9700 | D:14     | Reached XP level 13. HP: 91/91 MP: 18/18
  9705 | D:14     | Reached skill level 2 in Evocations
  9711 | D:14     | Received a gift from Okawaru
  9712 | D:14     | Reached skill level 3 in Evocations
  9744 | D:14     | Found a gate to the Vaults.
  9744 | D:14     | Noticed a vault guard
  9744 | D:14     | Noticed a vault guard
  9749 | D:14     | Reached skill level 4 in Evocations
  9756 | D:14     | Killed a vault guard
  9756 | D:14     | Killed a vault guard
  9757 | D:14     | Reached skill level 5 in Evocations
  9888 | D:14     | Received a gift from Okawaru
 10071 | D:14     | Reached skill level 6 in Evocations
 10304 | D:14     | Found Zored's Distillery.
 10312 | D:14     | Bought a potion of heal wounds for 90 gold pieces
 10312 | D:14     | Bought a potion of resistance for 180 gold pieces
 10486 | D:15     | Entered Level 15 of the Dungeon
 10745 | D:15     | Reached skill level 15 in Axes
 10747 | D:15     | You are cast into the Abyss!
 10747 | Abyss:3  | Cast into level 3 of the Abyss (an occultist)
 10779 | Abyss:3  | Noticed a hellephant
 10787 | Abyss:3  | HP: 14/91 [hellephant (25)]
 10788 | Abyss:3  | Slain by a hellephant

Vanquished Creatures
  Nessos (D:13)
  2 hydras (D:14)
  2 vault guards (D:14)
  4 centaur warriors
  A catoblepas (D:13)
  4 two-headed ogres
  A boulder beetle (D:15)
  Urug (D:11)
  3 arcanists (D:14)
  A necromancer (D:14)
  Pikel (D:5)
  2 manticores
  An ugly thing (D:12)
  4 cyclopes
  2 deep elf pyromancers
  A black mamba (shapeshifter) (D:13)
  A gargoyle (D:12)
  An unseen horror (D:12)
  4 komodo dragons
  A tengu conjurer (D:15)
  5 trolls
  A hornet (D:7)
  7 slime creatures (D:14)
  Sigmund (D:5)
  16 yaks
  3 wyverns
  2 wraiths (D:9)
  A water elemental (D:15)
  3 basilisks
  17 humans (D:14)
  3 steam dragons
  3 acid dragons
  Edmund (D:5)
  2 water moccasins
  Duvessa (D:7)
  14 orc warriors
  2 ice beasts (D:6)
  3 ogres
  2 sky beasts (D:8)
  3 centaurs
  A lemure (D:5)
  3 phantoms
  6 kobold brigands
  Blork the orc (D:5)
  3 bullfrogs
  A gnoll sergeant (D:4)
  2 scorpions
  9 wights
  Dowan (D:7)
  3 killer bees (D:11)
  6 howler monkeys
  A bombardier beetle (D:5)
  A hound (D:5)
  4 jellies
  8 orc priests
  A sleepcap (D:8)
  Jessica (D:2)
  Natasha (thrice) (D:4)
  An iguana (D:7)
  3 orc wizards
  Robin (D:3)
  14 gnolls
  9 adders
  A shadow imp (D:5)
  A white imp (D:5)
  A dart slug (D:2)
  3 ribbon worms
  56 orcs
  9 endoplasms
  4 giant cockroaches
  19 goblins
  7 hobgoblins
  11 jackals
  30 kobolds
  3 quokkas
  7 ball pythons
  4 bats
  A frilled lizard (D:3)
  6 rats
374 creatures vanquished.

Table legend:
 A = Non-vault XP
 B = Vault XP
 C = Vault XP percentage of total XP
 D = Non-vault monster count
 E = Vault monster count
 F = Vault count percentage of total count
                 A         B        C        D         E       F
            +---------+---------+-------+---------+---------+-------
      Total |   31685 |   14739 |  31.7 |     266 |     107 |  28.7
            +---------+---------+-------+---------+---------+-------
        D:1 |      68 |       0 |   0.0 |      25 |       0 |   0.0
        D:2 |      79 |      41 |  34.2 |      22 |       2 |   8.3
        D:3 |      67 |      52 |  43.7 |      13 |      13 |  50.0
        D:4 |     362 |      36 |   9.0 |      14 |       1 |   6.7
        D:5 |     558 |    1089 |  66.1 |      23 |       4 |  14.8
        D:6 |    1393 |      25 |   1.8 |      16 |       5 |  23.8
        D:7 |    1293 |     218 |  14.4 |      23 |       2 |   8.0
        D:8 |    1293 |     140 |   9.8 |      22 |       7 |  24.1
        D:9 |    3311 |     509 |  13.3 |      35 |      24 |  40.7
       D:10 |    3577 |     559 |  13.5 |      17 |       2 |  10.5
       D:11 |    3419 |     801 |  19.0 |      20 |       1 |   4.8
       D:12 |    4540 |       0 |   0.0 |      11 |       0 |   0.0
       D:13 |    3073 |    1010 |  24.7 |       6 |       1 |  14.3
       D:14 |    7956 |    8094 |  50.4 |      17 |      25 |  59.5
       D:15 |     696 |    1194 |  63.2 |       2 |       2 |  50.0
     Bailey |       0 |     971 | 100.0 |       0 |      18 | 100.0
            +---------+---------+-------+---------+---------+-------

Skill      XL: |  1  2  3  4  5  6  7  8  9 10 11 12 13 |
---------------+----------------------------------------+-----
Armour         | 1 2 3 4 5 7 8 10 12 | 12.9
Fighting       | 3 4 5 |  5.0
Axes           | 4 6 9 10 12 14 15 | 15.0
Invocations    | 3 6 7 |  7.0
Evocations     | 1 6 |  6.7
Throwing       | |  1.7
Dodging        | |  2.6

Action                     |  1- 3 |  4- 6 |  7- 9 | 10-12 | 13-15 || total
---------------------------+-------+-------+-------+-------+-------++-------
  Melee: War axe           |    39 |   113 |    32 |   392 |    80 ||   656
         Hand axe          |    38 |   103 |     9 |       |       ||   150
         Flail             |       |       |   334 |   182 |       ||   516
         Broad axe         |       |       |       |    79 |    83 ||   162
  Throw: Throwing net      |       |       |       |     2 |       ||     2
 Invoke: Heroism           |       |       |       |    10 |     3 ||    13
         Receive Weapon    |       |       |       |     1 |       ||     1
         Receive Armour    |       |       |       |     1 |       ||     1
  Evoke: Wand              |       |       |       |    14 |     2 ||    16
    Use: Scroll            |       |     5 |     9 |    10 |     2 ||    26
         Potion            |       |     3 |     2 |     3 |     1 ||     9
   Stab: Held in net/web   |       |       |       |     1 |       ||     1
         Invisible         |       |       |       |     2 |       ||     2
 Armour: Leather armour    |     1 |       |       |       |       ||     1
         Chain mail        |    36 |   121 |   185 |   280 |    85 ||   707
         Plate armour      |       |       |       |   174 |    25 ||   199
  Dodge: Dodged            |    17 |    98 |   110 |   343 |    48 ||   616

Illustrated notes

Table legend:
 A = Kills in this place as a percentage of kills in the entire game.
 B = Kills by you in this place as a percentage of kills by you in the entire game.
 C = Kills by friends in this place as a percentage of kills by friends in the entire game.
 D = Other kills in this place as a percentage of other kills in the entire game.
 E = Experience gained in this place as a percentage of experience gained in the entire game.
 F = Experience gained in this place divided by the number of levels of this place that you have seen.
                   A       B       C       D       E      F
               +-------+-------+-------+-------+-------+----------------------
         Total | 100.0 | 100.0 |   N/A |   N/A | 100.0 | 2579.1
       Dungeon |  95.2 |  95.2 |   N/A |   N/A |  97.9 | 3030.2
        Bailey |   4.8 |   4.8 |   N/A |   N/A |   2.1 | 971.0
               +-------+-------+-------+-------+-------+----------------------

Table legend: (Time is in decaauts)
 A = Elapsed time spent in this place.
 B = Non-inter-level travel time spent in this place.
 C = Inter-level travel time spent in this place.
 D = Time resting spent in this place.
 E = Time spent auto-exploring this place.
 F = Levels seen in this place.
 G = Mean time per level.
                   A        B        C        D        E       F      G
               +--------+--------+--------+--------+--------+-----+--------+
         Total |  11364 |  10937 |    427 |    324 |   8086 |  18 |  631.3 |
       Dungeon |  11097 |  10725 |    372 |    324 |   8019 |  15 |  739.8 |
        Temple |     65 |     10 |     55 |      0 |      5 |   1 |   65.0 |
         Abyss |     40 |     40 |      0 |      0 |     31 |   1 |   40.0 |
        Bailey |    161 |    161 |      0 |      0 |     31 |   1 |  161.0 |
               +--------+--------+--------+--------+--------+-----+--------+

Top non-repeatable levels by time:
     D:6: 1337 daAuts
     D:2: 1155 daAuts
    D:14: 1064 daAuts
     D:5: 938 daAuts
     D:7: 842 daAuts
     D:1: 749 daAuts
     D:9: 712 daAuts
     D:4: 675 daAuts
     D:8: 663 daAuts
     D:3: 635 daAuts
    D:12: 629 daAuts
    D:13: 514 daAuts
    D:10: 498 daAuts
    D:11: 470 daAuts
    D:15: 211 daAuts
